AoeStats
← Pooh1818

African Clearing

505507193Analyzed
4v4 RM · 24d ago on Sep 9, 2026· 33m 24s· 8 players
Game mode
Random Map
Map size
Large (8 player)
Population
200
Speed
Normal
Resources
Standard
Victory
Conquest
Starting age
Dark Age
Ending age
Imperial Age
RankedLock teamsTeams togetherTeam positionsShared explorationLock speedFull tech treeHidden civsTurbo modeCheats
Victory
Defeat
🇹🇷 Mongols · Türkiye
1164
+10
🇨🇳 Inca · China
1043
+15
🇹🇷 Ethiopians · Türkiye
1020
+16
🇨🇳 Goths · China
989
+17
🇫🇷 Ethiopians · France
1053
-16
🇧🇷 Romans · Brazil
1025
-15
🇫🇷 Italians · France
998
-14
🇷🇺 Japanese · Russia
977
-13
CapitaoPlaneta
4:04 Loom
15:01 Feudal Age
15:55 Double-Bit Axe
15:41 Man-at-Arms
19:42 Town Watch
22:26 Castle Age
20:46 Scale Mail Armor
20:57 Forging
23:21 Scale Barding Armor
23:57 Bow Saw
23:51 Long Swordsman
25:15 Squires
27:28 Chain Mail Armor
28:46 Fletching
Krolag
4:11 Loom
15:22 Feudal Age
16:41 Double-Bit Axe
16:40 Horse Collar
18:40 Town Watch
22:58 Fletching
26:54 Castle Age
25:06 Padded Archer Armor
26:31 Wheelbarrow
27:22 Crossbowman
28:18 Thumb Ring
28:40 Elite Skirmisher
29:55 Heavy Plow
29:53 Gold Mining
30:32 Bow Saw
32:37 Ballistics
tretts
15:41 Feudal Age
19:35 Castle Age
18:14 Fletching
21:41 Gold Mining
21:48 Bodkin Arrow
22:49 Padded Archer Armor
23:04 Crossbowman
shamannking1993
3:10 Loom
12:58 Feudal Age
13:36 Man-at-Arms
32:53 Wheelbarrow
king vitt
4:36 Loom
秋名山汤圆
4:53 Loom
14:33 Feudal Age
15:05 Champi Runner
15:53 Arson
16:29 Scale Mail Armor
17:06 Forging
24:51 Castle Age
24:00 Gold Mining
26:12 Iron Casting
25:58 Chain Mail Armor
26:04 Squires
26:13 Champi Warrior
Pooh1818
8:48 Loom
12:10 Feudal Age
13:11 Double-Bit Axe
15:07 Fletching
21:07 Castle Age
21:26 Gold Mining
23:02 Bow Saw
24:53 Horse Collar
29:58 Bodkin Arrow
31:36 Padded Archer Armor
e4gl3
6:30 Loom
14:36 Feudal Age
15:27 Double-Bit Axe
15:25 Horse Collar
19:01 Town Watch
22:57 Castle Age
21:41 Stone Mining
21:43 Gold Mining
22:19 Padded Archer Armor
23:18 Fletching
23:25 Crossbowman
24:50 Crossbowman
27:36 Thumb Ring
30:41 Scale Mail Armor
30:54 Forging
Connection lost

Rejoining the realm…

Still unreachable

The connection could not be restored.

Session expired

The server has moved on; the page needs a fresh start.